 Dungeon Crawl Stone Soup version 0.31.0-4-g52a2dc7128 (webtiles) character file.

Game seed: 8025162506716828964

23 GreatBamboolord the Grasshopper (level 2, -3/24 HPs)
             Began as an Armataur Warper on Jan 21, 2024.
             Slain by a gnoll
             ... wielding a +0 spear
              (6 damage)
             ... on level 2 of the Dungeon.
             The game lasted 00:02:19 (929 turns).

GreatBamboolord the Grasshopper (Armataur Warper)    Turns: 929, Time: 00:02:20

Health: -3/24      AC:  4    Str: 16    XL:     2   Next: 72%
Magic:  5/5        EV:  9    Int: 13    God:
Gold:   37         SH:  0    Dex:  9    Spells: 3/5 levels left

rFire   . . .        a - +0 mace
rCold   . . .        (no shield)
rNeg    . . .        b - +0 leather armour
rPois   .            (no helmet)
rElec   .            (no cloak)
rCorr   .            (no gloves)
SInv    .            (no barding)
Will    .....        (no amulet)
Stlth   +            (no ring)
HPRegen 0.24/turn    (no ring)
MPRegen 0.75/turn

%: roll
@: no status effects
A: large, deformed body, tough skin 3, armoured tail, roll 1
a: no special abilities


You were on level 2 of the Dungeon.
You visited 1 branch of the dungeon, and saw 2 of its levels.

You collected 37 gold pieces.

Inventory:

Hand Weapons
 a - a +0 mace (weapon)
Missiles
 d - 7 darts of dispersal
Armour
 b - a +0 leather armour (worn)
Scrolls
 c - a scroll of blinking
 f - a scroll of identify {unknown}
 h - a scroll of teleportation {unknown}
Potions
 e - a potion of attraction {unknown}
 g - a potion of magic {unknown}


   Skills:
 * Level 2.0 Fighting
 * Level 2.0 Maces & Flails
 - Level 0.8 Throwing
 * Level 1.7 Armour
 - Level 1.3 Dodging
 + Level 0.5 Stealth
 * Level 2.0 Spellcasting
 * Level 3.2 Translocations


You had 3 spell levels left.
You knew the following spells:

 Your Spells              Type           Power      Damage    Failure   Level
a - Blink                 Tloc           18%        N/A       13%         2

Your spell library contained the following spells:

 Spells                   Type           Power      Damage    Failure   Level
 Lesser Beckoning         Tloc           18%        N/A       13%         2
 Teleport Other           Tloc           9%         N/A       26%         3
 Manifold Assault         Tloc           9%         N/A       63%         4
 Vhi's Electric Charge    Tloc/Air       10%        N/A       85%         4


Dungeon Overview and Level Annotations

Branches:
Dungeon (2/15)

Altars:


Innate Abilities, Weirdness & Mutations

Armour fits poorly on your strangely shaped body.
You have extremely tough skin. (AC +3)
You have a long armoured tail.
You regenerate magic when rolling toward enemies. (Rampage MPRegen)


Message History

You hit the hobgoblin but do no damage. The hobgoblin hits you.
You hit the hobgoblin.
You kill the hobgoblin!
You feel ready to blink again.
You see here a hobgoblin corpse.
Found a falchion.
A dart slug comes into view.
A dart slug is nearby!
You hit the dart slug.
The dart slug is heavily wounded.
The dart slug bites you.
You hit the dart slug. You tail-slap the dart slug.
You kill the dart slug!
Found a stone staircase leading down.
You now have 37 gold pieces (gained 10).
h - a scroll labelled QAIKOANILOT You see here a +0 club.
You see here a +0 club.
Done exploring.
Done exploring.
Done exploring.
Okay, then.
There is an open door here.
There is a stone staircase leading down here.
You climb downwards.
The gnoll shouts! x3
Found 18 gold pieces, a leather armour and 4 stones.
There is a stone staircase leading up here.
You roll towards the gnoll!
The gnoll hits you with a +0 vampiric spear.
The gnoll hits you from afar with a +0 spear.
The gnoll closely misses you. The gnoll attacks as it pursues you!
The gnoll barely misses you.
The gnoll hits you with a +0 vampiric spear!
The gnoll hits you from afar with a +0 spear.
The gnoll attacks as it pursues you! The gnoll hits you with a +0 whip!
* * * LOW HITPOINT WARNING * * *
The gnoll attacks as it pursues you!
The gnoll hits you from afar with a +0 spear.
You die...

#.# #.# #(#
#.# #.#
#########[#
.....$.g..#
#..g.@#
#..g..#
#..g..#
#.....#
#.....#
#......
#.......
........#


You could see 4 gnolls.

Vanquished Creatures
  2 dart slugs (D:1)
  A ball python (D:1)
  An endoplasm (D:1)
  A giant cockroach (D:1)
  4 hobgoblins (D:1)
  2 kobolds (D:1)
  A quokka (D:1)
  2 bats (D:1)
  A frilled lizard (D:1)
  A goblin (D:1)
  A rat (D:1)
17 creatures vanquished.

Notes
Turn   | Place    | Note
-------+----------+-------------------------------------------
     0 | D:1      | GreatBamboolord the Armataur Warper began the quest for the
                  | Orb.
     0 | D:1      | Reached XP level 1. HP: 17/17 MP: 3/3
   193 | D:1      | Reached XP level 2. HP: 17/24 MP: 4/4
   196 | D:1      | Learned a level 2 spell: Blink
   929 | D:2      | Slain by a gnoll

Illustrated notes

Levels and vault maps discovered:
D:1:      amcnicky_arrival_abandoned_market, layout_basic, bh_walls_and_bars
D:2:      layout_basic, uniq_crazy_yiuf_cottage

Skill      XL: |  1  2 |
---------------+-------+-----
Fighting       | 2 |  2.0
Maces & Flails | 2 |  2.0
Spellcasting   | 2 |  2.0
Throwing       | |  0.8
Armour         | |  1.7
Dodging        | |  1.3
Stealth        | |  0.5
Translocations | |  3.2

Action                     || total
---------------------------++-------
  Melee: Mace              ||    54
         Tailslap          ||     3
   Cast: Blink             ||     3
 Armour: Leather armour    ||    46
  Dodge: Dodged            ||    35
